 Dungeon Crawl Stone Soup version 0.27.1 (webtiles) character file.

Game seed: 14452193281550660793

16195 MajorAdolf the Blocker (level 12, -1/112 HPs)
             Began as a Naga Wanderer on Aug 25, 2021.
             Was an Elder of Ashenzari.
             Slain by a death knight (33 damage)
             ... on level 12 of the Dungeon.
             The game lasted 00:29:32 (12695 turns).

MajorAdolf the Blocker (Naga Wanderer)             Turns: 12695, Time: 00:29:33

Health: -1/112     AC: 16    Str: 16    XL:     12   Next: 35%
Magic:  12/12      EV:  9    Int: 18    God:    Ashenzari [****..]
Gold:   405        SH: 18    Dex:  9    Spells: 11/11 levels left

rFire    . . .     SeeInvis +   d - +3 demon blade (venom)
rCold    + . .     Faith    .   D - +0 tower shield of the Cursed Malaise {Evo, Melee} (curse)
rNeg     . . .     Spirit   .   p - +3 chain mail "Stellar Yoke" {Range, Self} (curse)
rPois    +         Reflect  .   n - +0 helmet of the Tethered Stars {Alch, Melee} (curse)
rElec    .         Harm     .   (no cloak)
rCorr    .         Rampage  .   h - +0 pair of gloves "Oracular Polytheism" {Fort, Melee} (curse)
Will     +....     Clarity  +   (no barding)
Stlth    ..........             i - amulet of Ashenzari's Regret {Regen+, Range, Fort} (curse)
HPRegen  1.28/turn              a - ring of Ashenzari's Stars {rC+, Melee, Bglg} (curse)
MPRegen  0.13/turn              w - ring of the Omniscient Comet {EV+4, Bglg, Range} (curse)

@: very slow
A: AC +4, large, see invisible, deformed body, poison resistance, slowness 2,
spit poison 1, naga tail 1
a: Spit Poison, Renounce Religion, Curse Item, Shatter the Chains


You were on level 12 of the Dungeon.
You worshipped Ashenzari.
Ashenzari was greatly pleased with you.
You visited 2 branches of the dungeon, and saw 13 of its levels.
You also visited: Sewer.

You collected 1451 gold pieces.
You spent 1046 gold pieces at shops.

Inventory:

Hand Weapons
 d - a +3 demon blade of venom (weapon)
Missiles
 q - a throwing net
Armour
 b - the +2 scale mail of the Imp {rN+ Will+ Stlth+}
   (You bought it in a shop on level 9 of the Dungeon)

   rN:        It protects you from negative energy.
   Will:      It increases your willpower.
   Stlth:     It makes you more stealthy.
 c - the +8 plate armour "Pefubbab" {Dex+4}
   (You bought it in a shop on level 9 of the Dungeon)

   Dex:       It affects your dexterity (+4).
 h - the cursed +0 pair of gloves "Oracular Polytheism" (worn) {Fort, Melee}
   (You found it on level 2 of the Dungeon)

   It has a curse which improves the following skills: Fortitude: Armour and
   Shields.
   Melee Combat: Short Blades, Long Blades, Axes, Maces & Flails, Polearms,
   Staves and Unarmed Combat.
 n - the cursed +0 helmet of the Tethered Stars (worn) {Alch, Melee}
   (You found it on level 3 of the Dungeon)

   It has a curse which improves the following skills: Alchemy: Poison Magic and
   Transmutations.
   Melee Combat: Short Blades, Long Blades, Axes, Maces & Flails, Polearms,
   Staves and Unarmed Combat.
 p - the cursed +3 chain mail "Stellar Yoke" (worn) {Range, Self}
   (You found it on level 4 of the Dungeon)

   It has a curse which improves the following skills: Ranged Combat: Slings,
   Bows, Crossbows and Throwing.
   Introspection: Fighting and Spellcasting.
 D - the cursed +0 tower shield of the Cursed Malaise (worn) {Evo, Melee}
   (You found it on level 7 of the Dungeon)

   It has a curse which improves the following skills: Evocations: Evocations.
   Melee Combat: Short Blades, Long Blades, Axes, Maces & Flails, Polearms,
   Staves and Unarmed Combat.
Jewellery
 a - the cursed ring of Ashenzari's Stars (left hand) {rC+, Melee, Bglg}
   (You found it on level 8 of the Dungeon)

   [ring of protection from cold]

   rC:        It protects you from cold.
   It has a curse which improves the following skills: Melee Combat: Short
   Blades, Long Blades, Axes, Maces & Flails, Polearms, Staves and Unarmed
   Combat.
   Beguiling: Conjurations, Hexes and Translocations.
 i - the cursed amulet of Ashenzari's Regret (around neck) {Regen+, Range, Fort}
   (You found it on level 2 of the Dungeon)

   [amulet of regeneration]

   Regen:     It increases your rate of health regeneration.
   It has a curse which improves the following skills: Ranged Combat: Slings,
   Bows, Crossbows and Throwing.
   Fortitude: Armour and Shields.
 w - the cursed ring of the Omniscient Comet (right hand) {EV+4, Bglg, Range}
   (You found it in a sewer)

   [ring of evasion]

   EV:        It affects your evasion (+4).
   It has a curse which improves the following skills: Beguiling: Conjurations,
   Hexes and Translocations.
   Ranged Combat: Slings, Bows, Crossbows and Throwing.
 G - a ring of magical power
Wands
 f - a wand of flame (30)
 B - a wand of iceblast (4)
 C - a wand of paralysis (7)
Scrolls
 j - a scroll of magic mapping
 k - a scroll of blinking
 m - 2 scrolls of teleportation
 s - 2 scrolls of fear
 u - a scroll of brand weapon
 x - 2 scrolls of immolation
 y - 2 scrolls of amnesia
Potions
 e - 3 potions of degeneration
 g - 4 potions of heal wounds
 l - 2 potions of flight
 o - 4 potions of ambrosia
 r - 5 potions of berserk rage
 t - a potion of might
 v - a potion of cancellation
 z - 2 potions of magic
 A - a potion of resistance
 E - 2 potions of haste
 F - a potion of brilliance
 H - 2 potions of curing
 I - a potion of lignification


   Skills:
 - Level 6.1(8.4) Fighting
 - Level 8.7(14.0) Long Blades
 - Level 2.0(6.0) Axes
 - Level 1.0(3.5) Throwing
 - Level 4.9(8.3) Armour
 - Level 1.0 Dodging
 + Level 11.1(14.3) Shields
 - Level 2.7(5.6) Hexes
 - Level 8.9(11.1) Evocations


You had 11 spell levels left.
You didn't know any spells.
Your spell library contained the following spells:

 Spells                   Type           Power      Damage    Failure   Level
 Slow                     Hex            20%        N/A       41%         2
 Confusing Touch          Hex            20%        N/A       65%         3
 Tukima's Dance           Hex            20%        N/A       65%         3
 Portal Projectile        Hex/Tloc       22%        N/A       95%         3
 Call Canine Familiar     Summ           0%         N/A       100%        3
 Leda's Liquefaction      Hex/Erth       5%         N/A       100%        4
 Passage of Golubria      Tloc           N/A        N/A       100%        4
 Yara's Violent Unravell  Hex/Tmut       5%         3d4       100%        5


Dungeon Overview and Level Annotations

Branches:
Dungeon (12/15)            Temple (1/1) D:5            Lair (0/6) D:11
  Sewer (visited)
    Orc: D:9-12

Altars:
Ashenzari
Cheibriados
Dithmenos
Elyvilon
Fedhas
Gozag
Hepliaklqana
Kikubaaqudgha
Makhleb
Nemelex Xobeh
Okawaru
Qazlal
Ru
Sif Muna
Trog
Uskayaw
Vehumet
Wu Jian
Xom
Yredelemnul
Zin
The Shining One

Shops:
D:2 *   D:9 [   D:11 *


Innate Abilities, Weirdness & Mutations

Your serpentine skin is tough. (AC +4)
You have supernaturally acute eyesight. (SInv)
Armour fits poorly on your strangely shaped body.
Your system is resistant to poisons. (rPois)
You cover ground very slowly.
You can spit poison.
You have a snake-like lower body.


Message History

Unknown command.
You slash the gnoll!
The gnoll is poisoned.
The gnoll is severely wounded.
The death knight reflects your damage back at you!
The death knight closely misses you.
You riposte.
You hit the death knight but do no damage.
The death knight looks as sick as possible!
The death knight is severely wounded.
The gnoll hits you but does no damage.
Your shield prevents you from hitting the gnoll.
The gnoll is severely wounded.
The gnoll barely misses you.
Unknown command.
You hit the gnoll but do no damage.
The gnoll looks as sick as possible!
The gnoll is severely wounded.
You kill the gnoll!
The death knight reflects your damage back at you!
You block the death knight's attack. You block the gnoll's attack.
Unknown command.
Unknown command.
The death knight reflects your damage back at you!
You block the gnoll's attack.
The death knight hits you with a +1 halberd!!
Things that are here:
a +0 spear; a gnoll corpse Unknown command.
Unknown command.
The death knight reflects your damage back at you!
You block the gnoll's attack.
The death knight mumbles some strange prayers to Yredelemnul against you.
You resist with some effort. You block the death knight's attack.
You block the gnoll's attack.
Unknown command.
You slash the death knight!
The death knight looks as sick as possible!
The death knight is almost dead.
The death knight reflects your damage back at you!
* * * LOW HITPOINT WARNING * * *
The death knight hits you with a +1 halberd!!
You die...

*, * ,,.#### *** .#..... ,
** .....# * * ##### ,{ ,
,.....# .,, ##### *
**####....##.#* , ,, ##<##
#.#####.........,, , ###.##
#.....@(........ * ,
####.##########)pg.....(..**
,*
##...####....##)#.........*
, ##.######.......#..)......
, #.......'....#######.#+#+#
* ,, #########....##### *!..
*, #########....#* * ,..., *
, , #....# , , ,..... * ,*
#....# ,, ,,....,* **


You could see a death knight (reflects damage, extremely poisoned) and a gnoll.

Vanquished Creatures
  A boulder beetle (D:10)
  3 two-headed ogres
  Erica (D:9)
  A wizard (D:11)
  An ugly thing (D:11)
  Maurice (D:9)
  An unseen horror (D:11)
  A komodo dragon (D:11)
  2 trolls
  Grinder (Sewer)
  3 wraiths (D:11)
  3 wyverns
  A shadow (D:11)
  2 vampires
  27 yaks
  2 basilisks (D:11)
  4 steam dragons
  9 water moccasins
  2 ice beasts (D:7)
  4 orc warriors
  A black bear (D:6)
  A sky beast (D:5)
  4 ogres
  3 necrophages
  A phantom (D:5)
  2 centaurs
  2 kobold brigands (Sewer)
  A gnoll sergeant (D:12)
  A bullfrog (D:8)
  A scorpion (D:5)
  A water moccasin skeleton (D:6)
  7 killer bees
  A howler monkey (D:6)
  4 centaur zombies
  3 hounds
  A quasit (Sewer)
  A jelly (D:6)
  2 orc priests
  2 bullfrog skeletons (D:6)
  Jessica (D:2)
  2 iguanas
  6 orc wizards
  A killer bee zombie (D:6)
  A mummy (D:3)
  A howler monkey zombie (D:8)
  7 gnolls
  A howler monkey skeleton (D:4)
  4 adders
  4 river rats (D:6)
  A shadow imp (Sewer)
  A white imp (D:6)
  6 ufetubi
  A worm (D:2)
  3 dart slugs
  23 orcs
  10 ball pythons
  4 endoplasms
  3 giant cockroaches (D:1)
  6 goblins
  3 hobgoblins
  6 jackals
  3 quokkas
  5 bats
  3 frilled lizards
  21 kobolds
  A kobold zombie (Sewer)
  7 rats
244 creatures vanquished.

Vanquished Creatures (others)
  An orc wizard (D:7)
  2 kobold zombies (Sewer)
  2 fungi (D:11)
  4 plants (D:11)
9 creatures vanquished.

Grand Total: 253 creatures vanquished

Notes
Turn   | Place    | Note
-------+----------+-------------------------------------------
     0 | D:1      | MajorAdolf the Naga Wanderer began the quest for the Orb.
     0 | D:1      | MajorAdolf set off with the following items: a +0 falchion,
                  | a wand of flame (15), a +0 hand axe, a +0 robe
     0 | D:1      | Reached XP level 1. HP: 18/18 MP: 1/1
    68 | D:1      | Reached XP level 2. HP: 18/25 MP: 2/2
   548 | D:1      | Reached XP level 3. HP: 14/31 MP: 3/3
   785 | D:1      | Found a faded altar of an unknown god.
   937 | D:2      | Found Immugh's General Store.
   941 | D:2      | Noticed Jessica
  1386 | D:2      | Found a broken altar of Ashenzari.
  1632 | D:2      | Killed Jessica
  1633 | D:2      | Reached XP level 4. HP: 37/38 MP: 4/4
  1651 | D:2      | Became a worshipper of Ashenzari the Shackled
  2897 | D:3      | Reached XP level 5. HP: 35/44 MP: 5/5
  2933 | D:3      | Found a hazy altar of Hepliaklqana.
  2947 | D:4      | Noticed an ogre
  2956 | D:4      | Killed an ogre
  2957 | D:4      | Reached skill level 5 in Evocations
  3010 | D:4      | Reached XP level 6. HP: 51/51 MP: 6/6
  3047 | D:4      | Noticed a necrophage
  3071 | D:4      | Killed a necrophage
  3193 | D:4      | Reached * piety under Ashenzari
  3482 | D:5      | Entered Level 5 of the Dungeon
  3562 | D:5      | Reached skill level 1 in Armour
  3603 | D:5      | Reached XP level 7. HP: 36/60 MP: 7/7
  3850 | D:5      | Reached ** piety under Ashenzari
  4092 | D:5      | Reached XP level 8. HP: 59/63 MP: 8/8
  4255 | D:5      | Identified a scroll of acquirement
  4422 | D:5      | Found a staircase to the Ecumenical Temple.
  4559 | Temple   | Entered the Ecumenical Temple
  4958 | D:6      | Found a glowing drain.
  4982 | Sewer    | Entered a sewer
  5624 | Sewer    | Found a burning altar of Makhleb.
  5678 | Sewer    | Noticed Grinder
  5724 | Sewer    | Killed Grinder
  6077 | D:3      | Found a snail-covered altar of Cheibriados.
  6369 | D:3      | Reached skill level 5 in Fighting
  6549 | D:6      | Found an opulent altar of Gozag.
  6771 | D:6      | Reached XP level 9. HP: 85/85 MP: 9/9
  6851 | D:6      | Found a radiant altar of Vehumet.
  6891 | D:6      | Reached skill level 1 in Hexes
  7157 | D:6      | Reached *** piety under Ashenzari
  7936 | D:7      | Reached skill level 1 in Shields
  8201 | D:6      | Reached skill level 2 in Shields
  8492 | D:7      | Reached skill level 3 in Shields
  8493 | D:7      | Reached **** piety under Ashenzari
  9037 | D:8      | Reached skill level 4 in Shields
  9037 | D:8      | Reached XP level 10. HP: 68/98 MP: 10/10
  9245 | D:8      | Acquired 678 gold pieces
  9247 | D:8      | Acquired a +1 demon blade of venom
  9342 | D:8      | Reached skill level 5 in Shields
  9642 | D:8      | Reached skill level 5 in Long Blades
  9712 | D:8      | Noticed a two-headed ogre
  9724 | D:8      | Killed a two-headed ogre
  9725 | D:8      | Reached skill level 6 in Shields
 10076 | D:9      | Found Doaxoi's Antique Armour Emporium.
 10084 | D:9      | Bought a masterwork scale mail for 207 gold pieces
 10084 | D:9      | Identified the +2 scale mail of the Imp {rN+ Will+ Stlth+}
                  | (You bought it in a shop on level 9 of the Dungeon)
 10084 | D:9      | Bought a glimmering plate armour for 644 gold pieces
 10084 | D:9      | Identified the +8 plate armour "Pefubbab" {Dex+4} (You
                  | bought it in a shop on level 9 of the Dungeon)
 10111 | D:9      | Found a bloodstained altar of Trog.
 10111 | D:9      | Found a shadowy altar of Dithmenos.
 10111 | D:9      | Found a basalt altar of Yredelemnul.
 10119 | D:9      | Noticed Maurice
 10120 | D:9      | Noticed Erica
 10128 | D:9      | Killed Maurice
 10137 | D:9      | Killed Erica
 10359 | D:9      | Identified the +2 longbow of Momivoh {vorpal, rC+ Dex+4}
 10940 | D:10     | Entered Level 10 of the Dungeon
 10982 | D:10     | Noticed a boulder beetle
 10997 | D:10     | Killed a boulder beetle
 10998 | D:10     | Reached skill level 7 in Shields
 10998 | D:10     | Reached XP level 11. HP: 61/104 MP: 11/11
 11197 | D:10     | Found a glowing silver altar of Zin.
 11410 | D:10     | Reached skill level 8 in Shields
 11659 | D:11     | Found a staircase to the Lair.
 11728 | D:11     | Reached skill level 9 in Shields
 11879 | D:11     | Noticed a two-headed ogre
 11899 | D:11     | Killed a two-headed ogre
 12008 | D:11     | Reached skill level 10 in Shields
 12008 | D:11     | Reached XP level 12. HP: 94/112 MP: 12/12
 12504 | D:11     | Noticed a two-headed ogre
 12515 | D:11     | Killed a two-headed ogre
 12516 | D:11     | Reached skill level 11 in Shields
 12619 | D:11     | Found Ceunnoario's General Store.
 12623 | D:11     | Bought a scroll of teleportation for 45 gold pieces
 12623 | D:11     | Bought 2 potions of heal wounds for 150 gold pieces
 12662 | D:12     | Noticed a death knight
 12695 | D:12     | Slain by a death knight

Illustrated notes

Levels and vault maps discovered:
D:1:      minmay_arrival_five_plusses, layout_rooms, basic_ecumenical_altar
D:2:      layout_rooms, basic_altar, serial_shops, shop,
          chequers_hall_statues_y, uniq_jessica
D:3:      layout_rooms, slow_altar_2, overflow_temple_1_default,
          bh_walls_and_bars
D:4:      layout_cave_pools, minmay_misc_feat_room
D:5:      layout_gridville, minmay_temple_entry_glassed_door, chequers_avenue,
          nrook_pool_corridor
D:6:      layout_rooms, nicolae_vehumet_radiance, mainiacjoe_overflow_catwalk,
          portal_sewer_entry_e, kennysheep_generic_room_15
D:7:      layout_layer_cave
D:8:      layout_gridville, minmay_crossroads
D:9:      layout_layer_cave, chequers_temple_overflow_statue_of_worship,
          serial_shops, nicolae_square_shop, minmay_crystal_room, uniq_erica,
          uniq_maurice
D:10:     layout_basic, mainiacjoe_overflow_surrounded_room
D:11:     minmay_distorted_concentric_squares, layout_gridville,
          minmay_lair_entry_grove, serial_glass, glass_columns_b,
          glass_columns_a, glass_columns_b, glass_columns_b, glass_columns_a,
          glass_columns_a, glass_columns_c, glass_columns_c, enter_bailey_6,
          serial_shops, kennysheep_mini
D:12:     minmay_bloctagon_deflated, layout_basic, minmay_orc_entry_guard_dogs,
          serial_glass, glass_columns_b, glass_columns_a,
          gammafunk_ghost_cemetery, nzn_random_ring, uniq_nergalle
Temple:   jpeg_temple_clearing

Skill      XL: |  1  2  3  4  5  6  7  8  9 10 11 12 |
---------------+-------------------------------------+-----
Evocations     | 2 4 5 6 7 8 |  8.9
Armour         | 1 2 4 |  4.9
Fighting       | 2 3 5 6 |  6.1
Hexes          | 2 |  2.7
Shields        | 4 7 10 11 | 11.1
Long Blades    | 7 8 |  8.7
Axes           | |  2.0
Throwing       | |  1.0
Dodging        | |  1.0

Action                   |  1- 3 |  4- 6 |  7- 9 | 10-12 || total
-------------------------+-------+-------+-------+-------++-------
Melee: Falchion          |    55 |   146 |   335 |       ||   536
       Dagger            |       |       |   592 |     9 ||   601
       Demon blade       |       |       |       |   471 ||   471
Invok: Curse Item        |       |     2 |     4 |     2 ||     8
       Shatter the Chain |       |       |       |     1 ||     1
 Abil: Spit Poison       |    22 |    10 |    17 |       ||    49
Evoke: Wand              |     2 |     8 |     5 |     1 ||    16
  Use: Scroll            |       |       |     3 |     4 ||     7
       Potion            |       |       |     1 |       ||     1
 Stab: Sleeping          |       |     1 |       |       ||     1
       Confused          |       |       |     1 |       ||     1
       Paralysed         |       |       |       |     3 ||     3
Armor: Robe              |    18 |    34 |       |       ||    52
       Chain mail        |       |    18 |   917 |   162 ||  1097
Dodge: Dodged            |    32 |    59 |   233 |    65 ||   389
Block: Tower shield      |       |       |   239 |   330 ||   569
       Rpst.: Falchion   |    13 |    18 |    20 |       ||    51
       Demon blade       |       |       |       |    19 ||    19
